 Dungeon Crawl Stone Soup version 0.27.1-33-g824d729ab1 (webtiles) character file.

Game seed: 2739039030534950393

25 Adrian566 the Skirmisher (level 2, -1/24 HPs)
             Began as a Demonspawn Fighter on Dec 11, 2021.
             Was a Follower of Jiyva.
             Slain by a gnoll (3 damage)
             ... on level 2 of the Dungeon.
             The game lasted 00:02:20 (4687 turns).

Adrian566 the Skirmisher (Demonspawn Fighter)       Turns: 4687, Time: 00:02:20

Health: -1/24      AC:  6    Str: 18    XL:     2   Next: 86%
Magic:  2/2        EV:  7    Int:  9    God:    Jiyva [*.....]
Gold:   32         SH:  8    Dex: 10    Spells: 1/1 levels left

rFire    . . .     SeeInvis .   f - +3 flail
rCold    . . .     Faith    .   c - +0 kite shield
rNeg     . . .     Spirit   .   b - +0 scale mail
rPois    .         Reflect  .   (helmet restricted)
rElec    .         Harm     .   (no cloak)
rCorr    .         Rampage  .   (no gloves)
Will     .....                  (no boots)
Stlth    ..........             (no amulet)
HPRegen  0.08/turn              (no ring)
MPRegen  0.08/turn              (no ring)

@: no status effects
A: horns 1
a: Renounce Religion, Request Jelly


You were on level 2 of the Dungeon.
You worshipped Jiyva.
Jiyva was aware of your devotion.
You visited 1 branch of the dungeon, and saw 2 of its levels.

You collected 32 gold pieces.

Inventory:

Hand Weapons
 a - a +0 long sword
 f - a +3 flail (weapon)
Armour
 b - a +0 scale mail (worn)
 c - a +0 kite shield (worn)
Potions
 d - a potion of might
 e - a potion of heal wounds {unknown}


   Skills:
 + Level 3.3 Fighting
 + Level 2.1 Long Blades
 + Level 3.0 Armour
 + Level 0.4 Stealth
 + Level 2.9 Shields


You had one spell level left.
You didn't know any spells.
Your spell library contained the following spells:

 Spells                   Type           Power      Damage    Failure   Level
 Shock                    Conj/Air       0%         1d3       99%         1
 Swiftness                Air            0%         N/A       100%        3
 Airstrike                Air            0%         N/A       100%        4


Dungeon Overview and Level Annotations

Branches:
Dungeon (2/15)

Altars:
Jiyva


Innate Abilities, Weirdness & Mutations

You have a pair of small horns on your head.


Message History

The rat moves out of view.
The rat twitches its whiskers.
A rat is nearby!
The rat bites you.
You hit the rat.
The rat is moderately wounded.
The rat bites you but does no damage. x2
You sock the rat!
You kill the rat!
No target in view!
No target in view!
No target in view!
No target in view!
No target in view!
No target in view!
HP restored. 2 gnolls come into view.
The gnoll shouts!
You hear a shout! x2
There are monsters nearby!
There are monsters nearby!
There are monsters nearby!
A goblin and 2 gnolls come into view.
A gnoll is wielding a +2 vorpal flail.
Found an escape hatch in the ceiling.
The gnoll shouts!
The goblin shouts!
The gnoll closely misses you. The gnoll hits you with a +0 flail.
You barely miss the gnoll. The gnoll hits you with a +0 club. x2
The gnoll hits you with a +0 flail!
Ouch! That really hurt!
* * * LOW HITPOINT WARNING * * *
A gnoll comes into view. It is wielding a +0 flail.
The gnoll hits you with a +0 club.
* * * LOW HITPOINT WARNING * * *
The goblin hits you but does no damage. You block the goblin's attack.
You hear a distant slurping noise.
Okay, then.
You aren't carrying any scrolls.
The gnoll barely misses you. The gnoll hits you with a +0 club.
You die...

########## #>..
#........#### ...#
#.....##....####.... ##
#.....####.......#.## .
#..†................. .###
#.......####..†...... ... .
#.....#......######## #.. .
#................###### #.#
####..###....@........####.#
#....#...g#######....>#.###
#.......g.# ###.......#
#...#.#.###### ##......#
#...#..g#....# #.......
#..###..#.<..# #....... #..#
#..#....# #........ #..#
##.#....#### #..#..... #..
#.#.......##......#..


You could see 2 gnolls and a goblin.

Vanquished Creatures
  An adder (D:2)
  An endoplasm (D:1)
  2 giant cockroaches (D:1)
  2 goblins (D:1)
  A hobgoblin (D:2)
  2 kobolds (D:1)
  4 ball pythons
  3 rats
16 creatures vanquished.

Vanquished Creatures (others)
  A ball python (D:1)
  2 bats (D:1)
  5 endoplasms (D:2)
  A quokka (D:1)
  2 frilled lizards
  A rat (D:1)
12 creatures vanquished.

Grand Total: 28 creatures vanquished

Notes
Turn   | Place    | Note
-------+----------+-------------------------------------------
     0 | D:1      | Adrian566 the Demonspawn Fighter began the quest for the
                  | Orb.
     0 | D:1      | Reached XP level 1. HP: 18/18 MP: 1/1
     1 | D:1      | Noticed an electric eel
   100 | D:1      | Found a faded altar of an unknown god.
   110 | D:1      | Became a worshipper of Jiyva Jeil the Shapeless
   110 | D:1      | Reached * piety under Jiyva
   252 | D:1      | Gained mutation: You have a pair of small horns on your
                  | head. [demonic ancestry]
   252 | D:1      | Reached XP level 2. HP: 23/24 MP: 2/2
  4675 | D:2      | HP: 1/24 [gnoll (4)]
  4687 | D:2      | Slain by a gnoll

Illustrated notes

Levels and vault maps discovered:
D:1:      arrival_aquarium_a, layout_loops_cross, ebering_ecumenical_altar_rust
D:2:      layout_rooms, chequers_serial_rivers_room_a, grunt_decor_clamped

Skill      XL: |  1  2 |
---------------+-------+-----
Long Blades    | 2 |  2.1
Armour         | 3 |  3.0
Fighting       | |  3.3
Stealth        | |  0.4
Shields        | |  2.9

Action                   || total
-------------------------++-------
Melee: Long sword        ||    31
       Flail             ||     7
       Headbutt          ||     1
Armor: Scale mail        ||    19
Dodge: Dodged            ||     8
Block: Kite shield       ||    21
       Rpst.: Long sword ||     1
